 Dungeon Crawl Stone Soup version 0.28.0 (webtiles) character file.

Game seed: 3727156681226199353

60 Aksej the Skirmisher (level 3, -2/29 HPs)
             Began as a Demonspawn Monk on Feb 15, 2022.
             Slain by Robin (3 damage)
             ... on level 3 of the Dungeon.
             The game lasted 00:05:52 (1950 turns).

Aksej the Skirmisher (Demonspawn Monk)              Turns: 1950, Time: 00:05:52

Health: -2/29      AC:  2    Str: 11    XL:     3   Next: 80%
Magic:  3/3        EV: 13    Int: 11    God:
Gold:   95         SH:  0    Dex: 17    Spells: 2/2 levels left

rFire   . . .      SeeInvis .   a - +0 falchion
rCold   + . .      Faith    .   (no shield)
rNeg    . . .      Spirit   .   b - +0 robe
rPois   .          Reflect  .   (helmet restricted)
rElec   .          Harm     .   (no cloak)
rCorr   .          Rampage  .   (no gloves)
Will    .....                   (no boots)
Stlth   ++........              (no amulet)
HPRegen 0.09/turn               (no ring)
MPRegen 0.08/turn               (no ring)

@: attractive, hasted, very quick
A: antennae 1, demonic touch 1, hooves 1, cold resistance 1
a: no special abilities


You were on level 3 of the Dungeon.
You visited 1 branch of the dungeon, and saw 3 of its levels.

You collected 95 gold pieces.

Inventory:

Hand Weapons
 a - a +0 falchion (weapon)
Armour
 b - a +0 robe (worn)
Scrolls
 e - a scroll of amnesia
Potions
 c - a potion of flight
 f - a potion of haste


   Skills:
 * Level 3.4 Fighting
 + Level 3.4 Long Blades
 + Level 3.1 Dodging
 + Level 2.1 Stealth
 * Level 0.2 Unarmed Combat


You had 2 spell levels left.
You didn't know any spells.
Your spell library was empty.

Dungeon Overview and Level Annotations

Branches:
Dungeon (3/15)

Altars:

Annotations:
D:3 Robin


Innate Abilities, Weirdness & Mutations

You have a pair of small antennae on your head.
Your touch may inflict minor irresistible damage on your foes.
You have large cloven feet.
Your flesh is cold resistant. (rC+)


Message History

The goblin completely misses you. The goblin hits you but does no damage.
You hit the goblin.
You kill the goblin!
Robin throws the goblin at you! The goblin closely misses you.
The goblin hits you with a +0 dagger.
* * * LOW HITPOINT WARNING * * *
It was a potion of attraction.
You feel attractive to monsters.
Robin roars a battlecry!
The goblins go into a battle-frenzy!
You hit the goblin. Your kick misses the goblin.
You touch the goblin.
You kill the goblin!
The goblin misses you. Robin throws the goblin at you!
* * * LOW HITPOINT WARNING * * *
Robin is attracted toward you.
You closely miss the goblin. Your kick misses the goblin.
The goblin is severely wounded.
The goblin hits you with a +0 club.
* * * LOW HITPOINT WARNING * * *
You hit the goblin.
You kill the goblin!
Robin completely misses you.
You hit Robin but do no damage. You kick Robin.
You touch Robin.
Robin is moderately wounded.
Robin closely misses you.
You hit Robin.
Robin is heavily wounded.
Robin hits you with a +0 spear.
* * * LOW HITPOINT WARNING * * *
Okay, then.
Okay, then.
You hit Robin. Your kick misses Robin.
Robin is heavily wounded.
You barely miss Robin. You kick Robin. Your touch misses Robin.
Robin is severely wounded.
Robin completely misses you.
You barely miss Robin.
Robin is severely wounded.
Robin hits you with a +0 spear.
You die...

#g. #g# #.# #. #g#
#####.####### #####g#
......#..... ..##.#####
#...§.§§§§# #)##.....##
#...§...§§# #@##......#
#...§.....#####g##.g....#
##.##§#§#.......g.#......##..
.....§§§+.........)...........
##.##§#§#.........#...........
##.##.#§#.........#.......#...
........+.........#.......# ..
##.##.#.#.........+.......# .
##.##...#.........#.......#


You could see Robin and a hobgoblin (strong).

Vanquished Creatures
  An adder (D:2)
  2 dart slugs (D:1)
  5 ball pythons
  3 bats
  2 endoplasms (D:3)
  A giant cockroach (D:1)
  11 goblins
  3 hobgoblins (D:1)
  2 jackals (D:2)
  3 kobolds
  2 quokkas
  3 frilled lizards (D:1)
  4 rats
42 creatures vanquished.

Notes
Turn   | Place    | Note
-------+----------+-------------------------------------------
     0 | D:1      | Aksej the Demonspawn Monk began the quest for the Orb.
     0 | D:1      | Reached XP level 1. HP: 18/18 MP: 1/1
   220 | D:1      | Discovered your monstrous ancestry.
   220 | D:1      | Gained mutation: You have a pair of small antennae on your
                  | head. [demonic ancestry]
   220 | D:1      | Reached XP level 2. HP: 19/24 MP: 2/2
   442 | D:1      | Found a faded altar of an unknown god.
  1228 | D:2      | Gained mutation: Your touch may inflict minor irresistible
                  | damage on your foes. [demonic ancestry]
  1228 | D:2      | Reached XP level 3. HP: 26/29 MP: 3/3
  1684 | D:2      | Gained mutation: You have large cloven feet. [potion of
                  | mutation]
  1684 | D:2      | Gained mutation: Your flesh is cold resistant. (rC+)
                  | [potion of mutation]
  1918 | D:3      | Noticed Robin
  1947 | D:3      | HP: 1/29 [Robin (5)]
  1950 | D:3      | Slain by Robin

Illustrated notes

Levels and vault maps discovered:
D:1:      dpeg_arrival_short_road, layout_rooms,
          chequers_ecumenical_altar_simple_redux
D:2:      layout_rooms
D:3:      layout_basic, grunt_decor_arrowhead, chequers_arboretum,
          chequers_mini_garden, kennysheep_minor_cross, minmay_joined_circles,
          uniq_robin, uniq_natasha

Skill      XL: |  1  2 |
---------------+-------+-----
Long Blades    | 3 |  3.4
Dodging        | 3 |  3.1
Stealth        | 2 |  2.1
Fighting       | |  3.4
Unarmed Combat | |  0.2

Action                   || total
-------------------------++-------
Melee: Falchion          ||   113
       Kick              ||     9
       Touch             ||     9
       Punch             ||     1
  Use: Potion            ||     6
       Scroll            ||     3
 Stab: Sleeping          ||    11
Armor: Robe              ||    21
Dodge: Dodged            ||    71
